 Dungeon Crawl Stone Soup version 0.22-a0-362-g535178c (webtiles) character file.

264 Amnesiac the Ducker (level 5, -4/41 HPs)
             Began as a Mummy Wizard on Apr 20, 2018.
             Slain by a water moccasin zombie (7 damage)
             ... in an ossuary.
             The game lasted 00:05:27 (2707 turns).

Amnesiac the Ducker (Mummy Wizard)                  Turns: 2707, Time: 00:05:27

Health: -4/41      AC:  5    Str: 14    XL:     5   Next: 98%
Magic:  1/11       EV: 12    Int: 18    God:
Gold:   167        SH:  0    Dex: 11    Spells: 1/12 levels left

rFire    x . .     SeeInvis .   k - +1 quarterstaff
rCold    + . .     Gourm    .   (shield currently unavailable)
rNeg     + + +     Faith    .   g - +0 ring mail (curse)
rPois    ∞         Spirit   .   b - +0 hat
rElec    .         Reflect  .   (no cloak)
rCorr    .         Harm     .   (no gloves)
MR       .....                  (no boots)
Stlth    +.........             (no amulet)
HPRegen  0.13/turn              o - +4 ring of strength
MPRegen  0.12/turn              (no ring)

@: about to teleport, very slightly contaminated
A: no food or potions, fire vulnerability, cold resistance 1, negative energy
resistance 3, torment resistance, unbreathing
a: no special abilities


You were in an ossuary.
You were not hungry.

You visited 1 branch of the dungeon, and saw 5 of its levels.
You also visited: Ossuary.

You collected 167 gold pieces.

Inventory:

Hand Weapons
 k - a +1 quarterstaff (weapon)
Missiles
 d - 120 stones (quivered)
 i - 13 sling bullets
 l - 5 exploding tomahawks
Armour
 a - a +0 robe
 b - a +0 hat (worn)
 g - a cursed +0 ring mail (worn)
Jewellery
 o - a +4 ring of strength (left hand)
Wands
 j - a wand of acid (10)
Scrolls
 e - a scroll of fear {!r}
 f - a scroll of remove curse {!r}


   Skills:
 + Level 3.2 Fighting
 * Level 4.3 Dodging
 - Level 1.5 Stealth
 - Level 4.0 Spellcasting
 - Level 0.7 Conjurations
 - Level 0.7 Summonings
 - Level 0.7 Translocations


You had one spell level left.
You knew the following spells:

 Your Spells              Type           Power        Failure   Level  Hunger
a - Magic Dart            Conj           #...         22%         1    N/A
b - Call Imp              Summ           #.......     34%         2    N/A
e - Mephitic Cloud        Conj/Pois/Air  #.......     63%         3    N/A
s - Conjure Flame         Conj/Fire      #.......     61%         3    N/A
v - Blink                 Tloc           N/A          34%         2    N/A

Dungeon Overview and Level Annotations

Branches:
Dungeon (5/15)
 Temple: D:4-7

Altars:
Fedhas
Trog
Uskayaw
Vehumet
Wu Jian
Yredelemnul


Innate Abilities, Weirdness & Mutations

You do not eat or drink.
Your flesh is vulnerable to fire.
You are immune to poison.
Your flesh is cold resistant. (rC+)
You are immune to negative energy. (rN+++)
You are immune to unholy pain and torment.
You can survive without breathing.


Message History

The water moccasin zombie barely misses you.
There is a needle trap here.
You sock the water moccasin zombie!
You destroy the water moccasin zombie!
Your Fighting skill increases to level 3!
A poisoned needle hits the hobgoblin zombie, but does no damage!
You sock the hobgoblin zombie!
You destroy the hobgoblin zombie!
A poisoned needle hits the water moccasin zombie, but does no damage!
You avoid triggering a needle trap.
The water moccasin zombie is engulfed in blazing flames.
There is a needle trap here.
A poisoned needle hits the water moccasin zombie, but does no damage!
A poisoned needle hits the kobold zombie, but does no damage!
There is an open door here.
Casting: Conjure Flame (quite dangerous; 61% risk of failure)
Confirm with . or Enter, or press ? or * to list all spells.
Aiming: Conjure Flame (quite dangerous; 61% risk of failure)
Press: ? - help, Dir - move target cursor, f - water moccasin zombie
Aim: a water moccasin zombie (moderately damaged)
Okay, then.
The water moccasin zombie completely misses you.
Casting: Conjure Flame (quite dangerous; 61% risk of failure)
Confirm with . or Enter, or press ? or * to list all spells.
Aiming: Conjure Flame (quite dangerous; 61% risk of failure)
Press: ? - help, Dir - move target cursor, f - water moccasin zombie
Aim: a water moccasin zombie (moderately damaged)
Okay, then.
There is an open door here.
You avoid triggering a needle trap.
There is a needle trap here.
Casting: Conjure Flame (quite dangerous; 61% risk of failure)
Confirm with . or Enter, or press ? or * to list all spells.
Aiming: Conjure Flame (quite dangerous; 61% risk of failure)
Press: ? - help, Dir - move target cursor You miscast Conjure Flame.
Nothing appears to happen.
The water moccasin zombie bites you.
* * * LOW HITPOINT WARNING * * *
Casting: Conjure Flame (quite dangerous; 61% risk of failure)
Confirm with . or Enter, or press ? or * to list all spells.
Aiming: Conjure Flame (quite dangerous; 61% risk of failure)
Press: ? - help, Dir - move target cursor You miscast Conjure Flame.
Your skin glows momentarily.
The water moccasin zombie misses you.
You hit the water moccasin zombie.
The water moccasin zombie is moderately damaged.
The water moccasin zombie bites you.
* * * LOW HITPOINT WARNING * * *
The water moccasin zombie bites you!
* * * LOW HITPOINT WARNING * * *
Really read
h - a scroll of teleportation {!r}?
As you read the scroll of teleportation {!r}, it crumbles to dust.
You feel strangely unstable.
The water moccasin zombie bites you but does no damage.
Really walk into that needle trap?
Okay, then.
You avoid triggering a needle trap.
A poisoned needle hits the water moccasin zombie, but does no damage!
There is a needle trap here.
Really walk into that needle trap?
You avoid triggering a needle trap.
An arrow hits the water moccasin zombie!
The water moccasin zombie bites you!
You die...

### #####^..#
#^.^# ###'#
#...# #...#
#...# #...#
###'# #.@^#
#.Z^# #^.^#
#Z^.# ####
#####Z###
+....#.^^#...#
#....Z^..#...#
#....#^Z^'...#
#### #########


You could see a water moccasin zombie, a kobold zombie and an orc zombie.

Vanquished Creatures
  2 water moccasin zombies (Ossuary)
  A howler monkey (D:5)
  A big kobold zombie (Ossuary)
  A hound skeleton (D:4)
  A howler monkey zombie (D:5)
  An adder skeleton (D:4)
  3 adder zombies (Ossuary)
  3 orcs
  3 giant cockroaches
  A kobold (D:3)
  A quokka (D:3)
  A bat (D:3)
  A frilled lizard (D:2)
  2 hobgoblin zombies (Ossuary)
  2 kobold zombies (Ossuary)
  A leopard gecko zombie (D:5)
  2 orc zombies (Ossuary)
27 creatures vanquished.

Vanquished Creatures (collateral kills)
  A crimson imp (D:5)
  An iguana (D:4)
  A worker ant (D:4)
  An orc (D:4)
4 creatures vanquished.

Grand Total: 31 creatures vanquished

Notes
Turn   | Place    | Note
-------+----------+-------------------------------------------
     0 | D:1      | Amnesiac the Mummy Wizard began the quest for the Orb.
     0 | D:1      | Reached XP level 1. HP: 13/13 MP: 5/5
   502 | D:2      | Found a blossoming altar of Fedhas.
   553 | D:2      | Noticed a hand axe
   555 | D:2      | Found a hide-covered altar of Uskayaw.
   555 | D:2      | Noticed a dagger
   694 | D:2      | Found a faded altar of an unknown god.
   913 | D:4      | Found a radiant altar of Vehumet.
  1041 | D:3      | Found an ornate altar of the Wu Jian Council.
  1081 | D:3      | Reached XP level 2. HP: 16/20 MP: 2/7
  1085 | D:3      | Learned a level 2 spell: Call Imp
  1218 | D:4      | Found a bloodstained altar of Trog.
  1236 | D:4      | Reached skill level 1 in Fighting
  1485 | D:4      | Reached XP level 3. HP: 24/26 MP: 0/8
  1490 | D:4      | Learned a level 3 spell: Conjure Flame
  1494 | D:4      | Learned a level 3 spell: Mephitic Cloud
  1862 | D:5      | Entered Level 5 of the Dungeon
  1943 | D:5      | Found a basalt altar of Yredelemnul.
  1961 | D:5      | Found a sand-covered staircase.
  2044 | D:5      | Reached XP level 4. HP: 26/33 MP: 1/10
  2065 | D:5      | Learned a level 2 spell: Blink
  2388 | Ossuary  | Entered an ossuary
  2454 | Ossuary  | Reached XP level 5. HP: 20/39 MP: 11/11
  2703 | Ossuary  | HP: 2/41 [water moccasin zombie (7)]
  2707 | Ossuary  | Slain by a water moccasin zombie

Vault maps used:
D:1:      dpeg_arrival_circle_labyrinth_c, okawaru_ov_weapons_minmay
D:2:      dancing_weapons_uskayaw, chequers_ecumenical_altar_grove,
          fedhas_altar_1
D:3:      nicolae_overflow_crystal_walls
D:4:      kennysheep_mini_moat, vehumet_crystals, first_ration
D:5:      yredelemnul_altar_generic, nicolae_ossuary_entry_false_entrances
Ossuary:  ossuary_tomb_2

Skill      XL: |  1  2  3  4  5 |
---------------+----------------+-----
Dodging        | 2 3 4 |  4.3
Fighting       | 1 2 3 |  3.2
Stealth        | |  1.5
Spellcasting   | |  4.0
Conjurations   | |  0.7
Summonings     | |  0.7
Translocations | |  0.7

Action                   |  1- 3 |  4- 6 || total
-------------------------+-------+-------++-------
Melee: Unarmed           |    10 |       ||    10
       Mace              |     2 |    11 ||    13
       Quarterstaff      |       |    56 ||    56
 Cast: Magic Dart        |    47 |     3 ||    50
       Call Imp          |    12 |     1 ||    13
       Conjure Flame     |     1 |     1 ||     2
  Use: Scroll            |       |     7 ||     7
Armor: Robe              |     2 |     1 ||     3
       Ring mail         |       |    21 ||    21
Dodge: Dodged            |    15 |    38 ||    53

Table legend:
 A = Spawn XP
 B = Non-spawn XP
 C = Spawn XP percentage of total XP
 D = Spawn monster count
 E = Non-spawn monster count
 F = Spawn count percentage of total count
 G = Total turns spent on level
                    A         B        C        D         E        F      G
               +---------+---------+-------+---------+---------+-------+---------
         Total |       0 |     378 |   0.0 |       0 |      31 |   0.0 |  2707
               +---------+---------+-------+---------+---------+-------+---------
           D:2 |       0 |       5 |   0.0 |       0 |       3 |   0.0 |   403
           D:3 |       0 |       8 |   0.0 |       0 |       4 |   0.0 |   199
           D:4 |       0 |      65 |   0.0 |       0 |       8 |   0.0 |   867
           D:5 |       0 |      94 |   0.0 |       0 |       4 |   0.0 |   526
       Ossuary |       0 |     206 |   0.0 |       0 |      12 |   0.0 |   319
               +---------+---------+-------+---------+---------+-------+---------
